 Dungeon Crawl Stone Soup version 0.25-a0-785-gb22c70e859 (webtiles) character file.

Game seed: 717678477228613560, levelgen mode: deterministic

103 mortelune the Bolt Thrower (level 5, 0/32 HPs)
             Began as a Kobold Hunter on Apr 17, 2020.
             Slain by a worm (8 damage)
             ... on level 3 of the Dungeon.
             The game lasted 00:03:16 (2385 turns).

mortelune the Bolt Thrower (Kobold Hunter)          Turns: 2385, Time: 00:03:17

Health: 0/32       AC:  9    Str: 11    XL:     5   Next: 6%
Magic:  5/5        EV:  8    Int: 12    God:
Gold:   188        SH:  0    Dex: 15    Spells: 4/4 levels left

rFire    . . .     SeeInvis .   b - +0 short sword
rCold    . . .     Gourm    .   (shield restricted)
rNeg     . . .     Faith    .   m - +0 chain mail
rPois    .         Spirit   .   n - +1 hat
rElec    .         Reflect  .   (no cloak)
rCorr    .         Harm     .   (no gloves)
MR       .....                  (no boots)
Stlth    ..........             (no amulet)
HPRegen  0.10/turn              (no ring)
MPRegen  0.09/turn              (no ring)

@: no status effects
A: small, carnivore
a: no special abilities


You were on level 3 of the Dungeon.
You were not hungry.

You visited 1 branch of the dungeon, and saw 3 of its levels.

You collected 188 gold pieces.

Inventory:

Hand Weapons
 a - a +1 hand crossbow
 b - a +0 short sword (weapon)
Missiles
 d - 27 bolts
Armour
 c - a +0 leather armour
 m - a +0 chain mail (worn)
 n - a +1 hat (worn)
Scrolls
 e - a scroll of noise {unknown}
 g - 4 scrolls of identify {unknown}
 i - 2 scrolls of enchant armour {unknown}
 j - a scroll of enchant weapon {unknown}
 k - 2 scrolls of remove curse {unknown}
 l - a scroll of amnesia {unknown}
Potions
 h - 3 potions of mutation {unknown}
 o - a potion of heal wounds {unknown}
Comestibles
 f - 5 rations


   Skills:
 * Level 3.3 Fighting
 * Level 3.3 Short Blades
 + Level 5.3 Crossbows
 + Level 3.2 Dodging
 - Level 1.3 Stealth


You had 4 spell levels left.
You didn't know any spells.
Your spell library was empty.

Dungeon Overview and Level Annotations

Branches:
Dungeon (3/15)

Altars:

Annotations:
D:1 cape derreire wall


Innate Abilities, Weirdness & Mutations

You are small and have problems with some larger weapons.
You are carnivorous and can eat meat at any time.


Message History

The frilled lizard bites you but does no damage.
The worm bites you.
You hit the worm.
The worm is almost dead.
The frilled lizard hisses.
The frilled lizard closely misses you.
Your chain mail prevents you from hitting the worm.
The worm is almost dead.
The frilled lizard bites you but does no damage.
The worm barely misses you.
You barely miss the worm.
The worm is almost dead.
The frilled lizard barely misses you.
You hit the worm.
The worm is almost dead.
The frilled lizard completely misses you.
The worm bites you.
* * * LOW HITPOINT WARNING * * *
The frilled lizard closely misses you. The worm bites you!
You die...

.........
....#((
...#.. ##
..... ...
...###....
.........
#).#..#
#wl..#
#@..##
#...#
#...#
#####


You could see a worm and a frilled lizard.

Vanquished Creatures
  A crimson imp (D:2)
  An adder (D:2)
  A worm (D:2)
  4 dart slugs
  2 leopard geckos
  3 giant cockroaches
  10 goblins
  3 hobgoblins
  6 kobolds
  A quokka (D:2)
  4 bats
  A frilled lizard (D:1)
  9 rats
46 creatures vanquished.

Notes
Turn   | Place    | Note
-------+----------+-------------------------------------------
     0 | D:1      | mortelune the Kobold Hunter began the quest for the Orb.
     0 | D:1      | Reached XP level 1. HP: 12/12 MP: 1/1
    67 | D:1      | Reached skill level 1 in Short Blades
    72 | D:1      | Reached XP level 2. HP: 18/18 MP: 2/2
   119 | D:1      | Reached skill level 5 in Crossbows
   281 | D:1      | Reached XP level 3. HP: 22/22 MP: 3/3
  1408 | D:2      | Reached XP level 4. HP: 27/27 MP: 4/4
  1991 | D:2      | Reached XP level 5. HP: 32/32 MP: 5/5
  2385 | D:3      | Slain by a worm

Levels and vault maps discovered:
D:1:      eino_arrival_water_star, layout_basic, serial_glass, glass_columns_b,
          glass_columns_b, feat_on_display, due_unseen_surprise,
          feat_on_display, item_on_display_a, minivault_14
D:2:      layout_loops_ring, serial_rivers, chequers_serial_rivers_large_a,
          chequers_serial_rivers_small_b, chequers_serial_rivers_room_b,
          chequers_serial_rivers_micro_d
D:3:      layout_rooms

Skill      XL: |  1  2  3  4 |
---------------+-------------+-----
Short Blades   | 1 2 3 |  3.3
Crossbows      | 5 |  5.3
Dodging        | 3 |  3.2
Fighting       | 3 |  3.3
Stealth        | |  1.3

Action                   |  1- 3 |  4- 6 || total
-------------------------+-------+-------++-------
Melee: Short sword       |   105 |    54 ||   159
 Fire: Hand crossbow     |    18 |    27 ||    45
  Eat: Chunk             |     5 |     1 ||     6
Armor: Leather armour    |     5 |       ||     5
       Chain mail        |    46 |    33 ||    79
Dodge: Dodged            |    73 |    30 ||   103

Table legend:
 A = Non-vault XP
 B = Vault XP
 C = Vault XP percentage of total XP
 D = Non-vault monster count
 E = Vault monster count
 F = Vault count percentage of total count
                 A         B        C        D         E       F
            +---------+---------+-------+---------+---------+-------
      Total |     148 |       0 |   0.0 |      46 |       0 |   0.0
            +---------+---------+-------+---------+---------+-------
        D:1 |      34 |       0 |   0.0 |      19 |       0 |   0.0
        D:2 |     110 |       0 |   0.0 |      25 |       0 |   0.0
        D:3 |       4 |       0 |   0.0 |       2 |       0 |   0.0
            +---------+---------+-------+---------+---------+-------
